Map: Prüfung von Aiur LE

Players

Panda - Winner!

  • Race: Zerg Zerg
  • League: Platinum
  • Spawn Location: 11:00

Morby

  • Race: Zerg Zerg
  • League: Diamond
  • Spawn Location: 5:00

VOD

Have the link to the VOD?

Description

Time

  • Played on: Sept. 5, 2017, 2:25 p.m.
  • Length: 10:33
Show
View Real Time Build Order
Export as new Build Order

Panda Zerg - Winner!

Build Orders: Pool First 

Get SALT Encoding   

  12  0:01  Drone  
  13  0:15  Extractor  
  12  0:24  Spawning Pool  
  11  0:28  Drone  
  11  0:35  Drone  
  13  0:44  Overlord  
  13  0:50  Drone  
  14  1:11  Zergling x4  
  14  1:12  Zergling x2  
  14  1:17  Metabolic Boost  
  17  1:22  Zergling x2  
  18  1:33  Zergling x2  
  19  1:41  Baneling Nest  
  18  1:47  Zergling x2  
  18  1:54  Queen  
  19  1:58  Zergling x2  
  22  2:07  Overlord  
  21  2:30  Baneling  
  21  2:31  Zergling x2, Baneling x3  
  21  2:32  Zergling x2  
  21  3:00  Zergling x2  
  21  3:01  Zergling x4  
  20  3:18  Hatchery  
  19  3:21  Baneling  
  19  3:22  Baneling  
  19  3:25  Drone  
  19  3:26  Drone  
  21  3:39  Drone  
  21  3:53  Drone  
  21  3:54  Drone x2  
  24  4:07  Drone  
  22  4:25  Drone x4  
  26  4:33  Queen, Drone  
  26  4:38  Drone  
  30  4:40  Drone x2  
  30  4:41  Drone  
  33  4:47  Drone  
  34  5:00  Drone  
  34  5:01  Overlord x2  
  34  5:05  Roach Warren  
  34  5:12  Drone  
  35  5:18  Overlord x2  
  35  5:25  Evolution Chamber  
  35  5:26  Evolution Chamber  
  33  5:30  Drone x4  
  37  5:38  Spine Crawler, Drone x2  
  37  5:39  Spine Crawler, Drone x2  
  39  5:51  Drone x3  
  39  5:52  Drone  
  39  5:56  Zerg Ground Armor Level 1  
  43  5:59  Drone x2  
  45  6:14  Extractor  
  45  6:15  Extractor  
  45  6:18  Overlord x2  
  43  6:24  Roach x3  
  49  6:30  Spine Crawler  
  49  6:31  Spine Crawler, Drone x4  
  51  6:34  Queen  
  53  6:41  Drone  
  53  6:46  Overlord  
  53  6:47  Overlord  
  54  7:03  Zerg Missile Weapons Level 1  
  54  7:07  Roach x3  
  54  7:08  Roach x4  
  68  7:20  Spore Crawler x2  
  66  7:24  Spore Crawler  
  66  7:25  Spore Crawler  
  66  7:26  Spore Crawler  
  66  7:27  Roach x3  
  69  7:42  Roach  
  69  7:43  Roach x4  
  69  7:44  Roach  
  80  7:52  Overlord x2  
  80  7:53  Overlord  
  80  8:11  Lair  
  80  8:13  Roach  
  80  8:14  Roach x4  
  90  8:31  Ravager x3  
  93  8:35  Zergling x18  
  99  8:57  Roach x2  
  99  8:59  Roach  
  99  9:00  Roach  
  107  9:06  Ravager  
  108  9:24  Hatchery  
  106  9:51  Ravager  
  107  9:53  Roach x4  
Show
View Real Time Build Order
Export as new Build Order

Morby Zerg 

Build Orders: Pool First 

Get SALT Encoding   

  12  0:01  Drone  
  13  0:08  Drone  
  14  0:25  Spawning Pool  
  13  0:30  Drone  
  14  0:38  Overlord  
  14  0:56  Drone  
  15  0:57  Drone x2  
  17  1:10  Extractor  
  16  1:11  Queen  
  18  1:19  Drone x2  
  18  1:24  Roach Warren  
  19  1:45  Hatchery  
  18  1:55  Overlord  
  18  2:07  Spine Crawler  
  17  2:11  Spine Crawler  
  16  2:17  Roach  
  16  2:24  Roach  
  18  2:43  Roach  
  22  2:44  Roach  
  7  3:09  Drone  
  8  3:32  Drone  
  9  3:59  Roach  
  9  4:02  Drone  
  10  4:34  Drone  
  10  4:37  Drone  
  12  4:51  Drone  
  13  4:59  Drone  
  14  5:09  Drone  
  15  5:28  Queen  
  15  5:35  Drone  
  18  5:41  Drone  
  19  5:47  Drone  
  20  5:51  Drone  
  21  6:03  Drone  
  22  6:16  Drone  
  23  6:19  Drone  
  24  6:29  Roach  
  26  6:33  Spore Crawler  
  25  6:43  Extractor  
  25  6:45  Drone  
  25  6:57  Drone  
  26  7:05  Drone  
  27  7:18  Evolution Chamber  
  26  7:22  Evolution Chamber  
  26  7:27  Drone  
  26  7:28  Drone x2  
  26  7:29  Drone  
  29  7:43  Hatchery  
  28  7:51  Drone x2  
  30  8:10  Spine Crawler  
  29  8:13  Spine Crawler  
  29  8:16  Spine Crawler  
  29  8:19  Roach  
  29  8:23  Spine Crawler  
  28  8:34  Spine Crawler  
  28  8:40  Roach  
  29  8:47  Overlord  
  29  8:58  Overlord  
  29  9:08  Drone  
  29  9:09  Drone x2  
  32  9:18  Roach  
  34  9:25  Roach  
  36  9:36  Roach  
  38  10:04  Spine Crawler  
  38  10:06  Spine Crawler  
Tags
 
Add a new tag
Caveats
  • Supply blocks, unpowered buildings, or Contaminate may cause inaccurate times.
  • Supply counts are checked every 10 seconds.